Match 45197571
Unlisted

Match 45197571
End
Vickers Machine Gun Team
Construct Section Command Post
Selects Air and Sea Battlegroup
Dingo Light Scout Car
Infantry Section
Infantry Section
Construct Platoon Command Post
CMP 15cwt Truck
Infantry Training
Selects Commando Section Paradrop
Selects Commando Support Section Paradrop
Commando Section Paradrop
Construct Company Command Post
Unlock M3 Grant Medium Tanks
M3 Grant Medium Tank
CMP 15cwt Truck
Selects Supply Surplus
Construct Resource Cache
M3 Grant Medium Tank
Selects Anti-tank Rocket Loiter
Infantry Section
Anti-tank Rocket Loiter
M3 Grant Medium Tank
Selects UNKNOWN (223837)
M3 Grant Medium Tank
Armored Vehicle Training
Royal Engineer Section
Construct Resource Cache
M3 Grant Medium Tank
Selects Naval Bombardment
TIE avenger
[QSA] Aerocrastic
오렌지플래닛
RPZWolf
Earthdog
胡萝卜
咖喱
ionwood
0
0

Comments sign in to comment!

No comments posted yet!